 Dungeon Crawl Stone Soup version 0.31-a0-1388-g4b2ba238e7 (webtiles) character file.

Game seed: 16684451504583065543

274 grandjackal the Slasher (level 6, -2/48 HPs)
             Began as a Demonspawn Gladiator on Dec 24, 2023.
             Was an Initiate of Kikubaaqudgha.
             Slain by Duvessa
             ... wielding a +2 short sword of speed
              (7 damage)
             ... on level 4 of the Dungeon.
             The game lasted 00:02:39 (3079 turns).

grandjackal the Slasher (Demonspawn Gladiator)      Turns: 3079, Time: 00:02:39

Health: -2/48      AC:  7    Str: 14    XL:     6   Next: 3%
Magic:  6/6        EV: 12    Int: 12    God:    Kikubaaqudgha [......]
Gold:   191        SH:  0    Dex: 17    Spells: 5/5 levels left

rFire   . . .        i - +3 long sword
rCold   . . .        (no shield)
rNeg    . . .        l - +0 ring mail
rPois   .            c - +0 helmet
rElec   .            (no cloak)
rCorr   .            a - +0 pair of gloves
SInv    .            (no boots)
Will    .....        (no amulet)
Stlth   +            (no ring)
HPRegen 0.28/turn    (no ring)
MPRegen 0.10/turn

%: no passive effects
@: no status effects
A: demonic guardian 1, big brain 2
a: Renounce Religion


You were on level 4 of the Dungeon.
You worshipped Kikubaaqudgha.
Kikubaaqudgha was noncommittal.
You visited 1 branch of the dungeon, and saw 4 of its levels.

You collected 191 gold pieces.

Inventory:

Hand Weapons
 i - a +3 long sword (weapon)
Missiles
 d - 3 throwing nets (quivered)
 e - a javelin
Armour
 a - a +0 pair of gloves (worn)
 c - a +0 helmet (worn)
 l - a +0 ring mail (worn)
Scrolls
 b - 7 scrolls of identify {unknown}
 f - a scroll of brand weapon {unknown}
 g - a scroll of amnesia {unknown}
 n - 2 scrolls of noise {unknown}
 q - 2 scrolls of revelation {unknown}
 s - a scroll of fear {unknown}
 u - a scroll of butterflies {unknown}
Potions
 h - 2 potions of attraction {unknown}
 j - a potion of haste {unknown}
 k - a potion of invisibility {unknown}
 m - a potion of magic {unknown}
 o - a potion of might {unknown}
 p - a potion of brilliance {unknown}
 r - 2 potions of curing {unknown}
 t - 2 potions of heal wounds {unknown}


   Skills:
 + Level 4.0 Fighting
 + Level 4.2 Long Blades
 - Level 2.0 Throwing
 - Level 4.0 Dodging
 + Level 0.0 Necromancy


You had 5 spell levels left.
You didn't know any spells.
Your spell library was empty.

Dungeon Overview and Level Annotations

Branches:
Dungeon (4/15)
 Temple: D:4-7

Altars:
Fedhas
Kikubaaqudgha

Shops:
D:1 [   D:4 [***

Annotations:
D:4 Dowan, Duvessa


Innate Abilities, Weirdness & Mutations

A weak demonic guardian rushes to your aid.
You have an extremely huge brain. (Int +4)


Message History

Duvessa hits you with a +2 short sword of speed.
Dowan closely misses you. Duvessa closely misses you.
You hit Duvessa but do no damage.
Duvessa is moderately wounded.
Duvessa hits you with a +2 short sword of speed.
Dowan closely misses you. Duvessa closely misses you.
Unknown command.
You hit Duvessa.
Duvessa is moderately wounded.
Dowan closely misses you.
Duvessa hits you with a +2 short sword of speed.
You barely miss Duvessa.
Duvessa is moderately wounded.
Duvessa hits you but does no damage.
Dowan casts a spell.
Dowan blinks!
Duvessa hits you with a +2 short sword of speed!
Unknown command.
You slash Duvessa!
Duvessa is heavily wounded.
Duvessa hits you with a +2 short sword of speed. x2
Unknown command.
You slash Duvessa!
Duvessa is almost dead.
Duvessa hits you with a +2 short sword of speed.
* * * LOW HITPOINT WARNING * * *
Duvessa gestures with her weapon.
Duvessa hits you with a +2 short sword of speed.
* * * LOW HITPOINT WARNING * * *
A demonic guardian appears!
You hit Duvessa but do no damage.
Duvessa is almost dead.
Duvessa barely misses you.
Dowan points at you and mumbles some strange words.
You resist with some effort.
Your iron imp hits Dowan.
You closely miss Duvessa.
Duvessa is almost dead.
Duvessa hits you with a +2 short sword of speed!
You die...
Kikubaaqudgha rasps: "You have failed me!
Welcome... death!"

#....# #....'.
#####....# #....#.
#........######.#.
#.....###.......#.
####.....# #.......#.
##........# #.......#.
##8.8..##### #.......#.
#..∩...# ...........
#.8.8.@# ............
#...e..e.....#......###
###.5........#......#
#..........#
#..........######. #
###................ #
................# #
................# # ..
#....# #


You could see Duvessa, Dowan (ally target) and a friendly iron imp (summoned).

Vanquished Creatures
  Blork the orc (D:4)
  A scorpion (D:4)
  2 bombardier beetles
  2 adders
  3 gnolls
  2 worms
  A dart slug (D:4)
  4 ball pythons
  2 bats (D:3)
  An endoplasm (D:1)
  3 giant cockroaches
  3 goblins
  3 hobgoblins
  A quokka (D:3)
  2 frilled lizards (D:3)
  2 kobolds
  7 rats
40 creatures vanquished.

Notes
Turn   | Place    | Note
-------+----------+-------------------------------------------
     0 | D:1      | grandjackal the Demonspawn Gladiator began the quest for
                  | the Orb.
     0 | D:1      | Reached XP level 1. HP: 16/16 MP: 1/1
   800 | D:1      | Found Bikei's Antique Armour Boutique.
  1215 | D:2      | Gained mutation: You have an unusually large brain. (Int
                  | +2) [demonic ancestry]
  1215 | D:2      | Reached XP level 2. HP: 22/22 MP: 2/2
  1405 | D:1      | Gained mutation: A weak demonic guardian rushes to your
                  | aid. [demonic ancestry]
  1405 | D:1      | Reached XP level 3. HP: 27/28 MP: 3/3
  2085 | D:3      | Reached XP level 4. HP: 26/35 MP: 4/4
  2627 | D:4      | Found Dookel's Assorted Antiques.
  2629 | D:4      | Found Ozoot's General Store.
  2661 | D:4      | Noticed a scorpion
  2668 | D:4      | Killed a scorpion
  2669 | D:4      | Reached XP level 5. HP: 18/41 MP: 5/5
  2795 | D:4      | Found Qiupy's Assorted Antiques.
  2866 | D:4      | Noticed Blork the orc
  2873 | D:4      | Killed Blork the orc
  2962 | D:4      | Found an ancient bone altar of Kikubaaqudgha.
  2962 | D:4      | Found a blossoming altar of Fedhas.
  2999 | D:4      | Became a worshipper of Kikubaaqudgha
  3012 | D:4      | Gained mutation: You have an extremely huge brain. (Int +4)
                  | [demonic ancestry]
  3012 | D:4      | Reached XP level 6. HP: 48/48 MP: 6/6
  3059 | D:4      | Found Dess's Armour Emporium.
  3063 | D:4      | Noticed Dowan
  3065 | D:4      | Noticed Duvessa
  3079 | D:4      | Slain by Duvessa

Illustrated notes

Levels and vault maps discovered:
D:1:      matt_arrival_los_fun, layout_basic, serial_shops,
          nicolae_shop_behind_doors
D:2:      layout_basic
D:3:      layout_basic
D:4:      layout_basic, grunt_temple_overflow_growth_and_decay, serial_aquarium,
          aquarium_bridge_square [aquarium_subvault_bridge,
          aquarium_subvault_wall, aquarium_subvault_window,
          aquarium_subvault_bridge], aquarium_bridge_square
          [aquarium_subvault_bridge, aquarium_subvault_wall,
          aquarium_subvault_window, aquarium_subvault_bridge],
          aquarium_window_3, aquarium_window_1, aquarium_view_2b,
          aquarium_view_4, aquarium_pool_2, serial_shops, shop,
          nicolae_shop_rolling_square, shop, nicolae_shop_tiny_statue_garden,
          shop, uniq_blork_the_orc, uniq_duvessa

Skill      XL: |  1  2  3  4  5 |
---------------+----------------+-----
Throwing       | 2 |  2.0
Long Blades    | 3 4 |  4.2
Dodging        | 3 4 |  4.0
Fighting       | 3 4 |  4.0

Action                     |  1- 3 |  4- 6 || total
---------------------------+-------+-------++-------
  Melee: Long sword        |    85 |    42 ||   127
   Stab: Sleeping          |     1 |       ||     1
 Armour: Leather armour    |    12 |       ||    12
         Ring mail         |    28 |    34 ||    62
  Dodge: Dodged            |    60 |    35 ||    95

Table legend: (Time is in decaauts)
 A = Elapsed time spent in this place.
 B = Non-inter-level travel time spent in this place.
 C = Inter-level travel time spent in this place.
 D = Time resting spent in this place.
 E = Time spent auto-exploring this place.
 F = Levels seen in this place.
 G = Mean time per level.
                   A        B        C        D        E       F      G
               +--------+--------+--------+--------+--------+-----+--------+
         Total |   3109 |   3035 |     74 |    275 |   2349 |   4 |  777.2 |
       Dungeon |   3109 |   3035 |     74 |    275 |   2349 |   4 |  777.2 |
               +--------+--------+--------+--------+--------+-----+--------+

Top non-repeatable levels by time:
     D:1: 1110 daAuts
     D:2: 743 daAuts
     D:3: 732 daAuts
     D:4: 523 daAuts
